 Dungeon Crawl Stone Soup version 0.26-a0-712-ga5a9c9c9d0 (webtiles) character file.

Game seed: 13464034058719781308

8 Azzok the Skirmisher (level 2, 19/24 HPs)
             Began as a Demonspawn Berserker on Nov 5, 2020.
             Was a Follower of Trog.
             Quit the game on level 1 of the Dungeon.
             The game lasted 00:00:24 (267 turns).

Azzok the Skirmisher (Demonspawn Berserker)          Turns: 267, Time: 00:00:25

Health: 19/24      AC:  2    Str: 17    XL:     2   Next: 0%
Magic:  2/2        EV: 12    Int:  8    God:    Trog [*.....]
Gold:   0          SH:  0    Dex: 12    Spells: 1/1 levels left

rFire    . . .     SeeInvis .   a - +0 hand axe
rCold    . . .     Faith    .   (no shield)
rNeg     . . .     Spirit   .   b - +0 animal skin
rPois    .         Reflect  .   (helmet restricted)
rElec    .         Harm     .   (no cloak)
rCorr    .         Rampage  .   (no gloves)
MR       .....                  (no boots)
Stlth    +.........             (no amulet)
HPRegen  0.08/turn              (no ring)
MPRegen  0.08/turn              (no ring)

@: no status effects
A: antennae 1
a: Berserk, Renounce Religion


You were on level 1 of the Dungeon.
You worshipped Trog.
Trog was aware of your devotion.
You visited 1 branch of the dungeon, and saw 1 of its levels.

Inventory:

Hand Weapons
 a - a +0 hand axe (weapon)
Armour
 b - a +0 animal skin (worn)
Potions
 c - a potion of flight {unknown}


   Skills:
 + Level 3.1 Fighting
 * Level 2.9 Axes
 + Level 1.9 Armour
 + Level 1.9 Dodging


You had one spell level left.
You didn't know any spells.
Your spell library was empty.

Dungeon Overview and Level Annotations

Branches:
Dungeon (1/15)

Altars:


Innate Abilities, Weirdness & Mutations

You have a pair of small antennae on your head.


Message History

You barely miss the leopard gecko.
The leopard gecko is heavily wounded.
You hit the ooze.
The leopard gecko bites you but does no damage.
The ooze barely misses you.
You hit the leopard gecko.
You kill the leopard gecko!
Trog accepts your kill.
You have reached level 2!
You feel monstrous as your demonic heritage exerts itself.
Your demonic ancestry asserts itself...
A pair of antennae grows on your head!
You hit the ooze. The ooze hits you but does no damage.
Are you sure you want to abandon this character and quit the game? (Confirm with "yes".)
Okay, then.
Are you sure you want to abandon this character and quit the game? (Confirm with "yes".)
Okay, then.
A frilled lizard comes into view.
The frilled lizard hisses angrily.
Are you sure you want to abandon this character and quit the game? (Confirm with "yes".)

▒·········▒▒▒▒▒▒▒·▒·▒▒·▒▒▒
▒▒▒▒······▒▒·▒▒·····▒······▒
▒···)▒···▒▒▒ ▒▒·▒▒▒▒·▒·▒▒··▒
▒·▒▒·)·····▒ ▒·▒ ▒·▒··· ····
▒·▒▒·▒▒▒▒▒·▒ ▒·▒ ▒·▒▒▒▒·····
▒·▒▒·▒ ·▒ ▒^▒ ▒···▒▒ ▒▒▒▒
▒····▒ · ▒·▒▒·····▒ ··▒▒·▒
(▒▒·▒······· ▒·▒▒·▒
▒··@····>·· ▒·▒▒··
▒··J(······ ▒·▒▒▒▒▒
····?··▒········ ▒·▒
▒·······l·····[· ▒·▒
···············▒ ▒·▒
·▒···▒·▒▒▒▒···▒▒ ·▒ ····▒▒·
▒·▒▒ ···· ▒· ·▒ ··· ▒· ▒


You could see an ooze and a frilled lizard.

Vanquished Creatures
  A leopard gecko (D:1)
  A goblin (D:1)
  A hobgoblin (D:1)
  2 kobolds (D:1)
  A frilled lizard (D:1)
6 creatures vanquished.

Notes
Turn   | Place    | Note
-------+----------+-------------------------------------------
     0 | D:1      | Azzok the Demonspawn Berserker began the quest for the Orb.
     0 | D:1      | Reached XP level 1. HP: 18/18 MP: 1/1
   265 | D:1      | Gained mutation: You have a pair of small antennae on your
                  | head. [demonic ancestry]
   265 | D:1      | Reached XP level 2. HP: 18/24 MP: 2/2
   267 | D:1      | Quit the game

Illustrated notes

Levels and vault maps discovered:
D:1:      minmay_arrival_semitransparent, layout_loops_ring

Action                   || total
-------------------------++-------
Melee: Hand axe          ||    24
Armor: Animal skin       ||     3
Dodge: Dodged            ||    19

Table legend: (Time is in decaauts)
 A = Elapsed time spent in this place.
 B = Non-inter-level travel time spent in this place.
 C = Inter-level travel time spent in this place.
 D = Time resting spent in this place.
 E = Time spent auto-exploring this place.
 F = Levels seen in this place.
 G = Mean time per level.
                   A        B        C        D        E       F      G
               +--------+--------+--------+--------+--------+-----+--------+
         Total |    271 |    271 |      0 |      0 |    224 |   1 |  271.0 |
       Dungeon |    271 |    271 |      0 |      0 |    224 |   1 |  271.0 |
               +--------+--------+--------+--------+--------+-----+--------+

Top non-repeatable levels by time:
     D:1: 271 daAuts
